 Dungeon Crawl Stone Soup version 0.32-a0-814-g0968bab981 (webtiles) character file.

Game seed: 589296746958939285

26958 SowerOfTemptation the Fighter (level 13, -5/116 HPs)
             Began as a Red Draconian Shapeshifter on Mar 22, 2024.
             Was a Priest of Ru.
             Slain by a yak (19 damage)
             ... on level 2 of the Lair of Beasts.
             The game lasted 00:20:15 (13726 turns).

SowerOfTemptation the Fighter (DrSh)               Turns: 13726, Time: 00:20:16

Health: -5/116     AC: 10    Str: 24    XL:     13   Next: 1%
Magic:  13/13      EV: 16    Int: 11    God:    Ru [***...]
Gold:   598        SH:  0    Dex: 14    Spells: 12/12 levels left

rFire   + .          .
                       - Unarmed
rCold   . . .        (shield currently unavailable)
rNeg    . . .        (body armour unavailable)
rPois   .            (helmet restricted)
rElec   .            q - +1 cloak
rCorr   +            (gloves currently unavailable)
SInv    .            (no boots)
Will    .....        A - amulet of regeneration Stlth
                     k - ring of resist corrosion
HPRegen 1.19/turn    H - +6 ring of strength
MPRegen 0.13/turn

%: no passive effects
@: blade hands
A: combustion breath, AC +8, unfitting armour, fire resistance 1, screaming 1,
cold-blooded, no stealth, inability to use devices
a: Combustion Breath, Begin Untransformation, Renounce Religion, Draw Out Power


You were on level 2 of the Lair of Beasts.
You worshipped Ru.
Ru was most pleased with you.
You had blades for hands.
You visited 3 branches of the dungeon, and saw 14 of its levels.

You collected 878 gold pieces.
You spent 280 gold pieces at shops.

Inventory:

Missiles
 x - 5 throwing nets (quivered)
 G - a curare-tipped dart
Armour
 d - a +0 pair of gloves
 q - a +1 cloak (worn)
 u - a scarf of resistance
Jewellery
 k - a ring of resist corrosion (left blade hand)
 A - an amulet of regeneration (around neck)
 B - a ring of positive energy
 E - a ring of fire
 H - a +6 ring of strength (right blade hand)
 J - the amulet of Usofit {Acrobat ^Fragile Will++}
   (You found it on level 9 of the Dungeon)

   [amulet of the acrobat]

   Acrobat:   It increases your evasion while moving and waiting.
   Will++:    It greatly increases your willpower.
   ^Fragile:  It will be destroyed if unequipped.
 K - an amulet of faith
Talismans
 b - a beast talisman
 c - a flux talisman
 o - a blade talisman (active)
Scrolls
 e - 3 scrolls of fear
 h - 6 scrolls of teleportation {@r3}
 i - 4 scrolls of enchant weapon
 j - 5 scrolls of fog {@r2}
 l - a scroll of enchant armour
 n - a scroll of brand weapon
 s - 3 scrolls of vulnerability {!r}
 t - a scroll of noise
 w - a scroll of silence {!r}
 y - a scroll of blinking {@r4}
 C - 2 scrolls of amnesia
Potions
 a - a potion of resistance
 f - 6 potions of curing {@q2}
 g - 2 potions of mutation
 m - 3 potions of brilliance
 p - 2 potions of enlightenment {unknown}
 r - 3 potions of ambrosia
 v - a potion of magic {unknown}
 z - a potion of attraction
 D - 3 potions of lignification
 F - 2 potions of berserk rage
 I - a potion of heal wounds {@q1}
 L - a potion of cancellation {unknown}


   Skills:
 + Level 11.5 Fighting
 + Level 11.1 Dodging
 + Level 11.3 Unarmed Combat
 + Level 11.1 Shapeshifting


You had 12 spell levels left.
You didn't know any spells.
Your spell library contained the following spells:

 Spells                   Type           Power      Damage    Failure   Level
 Apportation              Tloc           0%         N/A       34%         1
 Necrotise                Necr           0%         1d4       34%         1
 Sting                    Conj/Alch      0%         1d3       34%         1
 Summon Small Mammal      Summ           0%         N/A       34%         1
 Ensorcelled Hibernation  Hex/Ice        0%         N/A       47%         2
 Dazzling Flash           Conj/Hex       0%         N/A       71%         3
 Passwall                 Erth           0%         N/A       71%         3
 Sigil of Binding         Hex            0%         N/A       71%         3
 Stone Arrow              Conj/Erth      0%         3d7       71%         3
 Swiftness                Air            0%         N/A       71%         3
 Iskenderun's Battlesphe  Conj           0%         2d6       100%        5
 Bombard                  Conj/Erth      0%         9d1       100%        6
 Death Channel            Necr           0%         N/A       100%        6
 Sculpt Simulacrum        Ice/Alch       0%         N/A       100%        6
 Starburst                Conj/Fire      0%         6d3       100%        6
 Spellforged Servitor     Conj/Summ      0%         N/A       100%        7
 Lehudib's Crystal Spear  Conj/Erth      0%         10d2      100%        8
 Maxwell's Capacitive Co  Air            0%         ∞         100%        8
 Animate Armour           Summ/Erth      Unusable   N/A       N/A         4

Dungeon Overview and Level Annotations

Branches:
Dungeon (11/15)            Temple (1/1) D:7            Lair (2/5) D:10
 Spider (0/4) Lair:2          Orc (0/2) D:11
  Swamp: Lair:2-3    Shoals: Lair:2-3

Altars:
Ashenzari
Cheibriados
Dithmenos
Elyvilon
Fedhas
Gozag
Hepliaklqana
Kikubaaqudgha
Makhleb
Nemelex Xobeh
Okawaru
Qazlal
Ru
Sif Muna
Trog
Uskayaw
Vehumet
Wu Jian
Xom
Yredelemnul
Zin
The Shining One

Shops:
D:5 *!   D:7 *   D:8 *   D:11 :

Annotations:
D:5 Edmund
D:7 2 transporters, Croata's ghost, novice FoFi
D:8 loot
D:10 exclusion: oklob plant


Innate Abilities, Weirdness & Mutations

You have blades for hands.
You are incapable of wielding weapons or throwing items.
You can breathe blasts of explosive embers.
Your fiery red scales are hard. (AC +8)
You cannot fit into any form of body armour.
Your flesh is heat resistant. (rF+)
You occasionally shout uncontrollably at your foes.
You are cold-blooded and may be slowed by cold attacks.
You cannot be stealthy.
You cannot study or use magical devices.


Message History

The hornet is stunned by your conviction and fails to attack.
You slice the hornet!!
The hornet is severely wounded.
The hornet barely misses you.
You shred the hornet!!!
You kill the hornet!
The yak completely misses you.
You have reached level 13!
You barely miss the yak.
You tail-slap the yak, but do no damage.
The yak is heavily wounded.
The yak misses you.
You slash the yak!
The yak is severely wounded.
The yak gores you.
You closely miss the cane toad. The cane toad barely misses you.
You redirect the yak's attack!
The yak gores itself but does no damage.
You slice the cane toad!!
The cane toad is severely wounded.
The cane toad stings you!
* * * LOW HITPOINT WARNING * * *
You slash the cane toad!
You kill the cane toad!
The yak gores you!
* * * LOW HITPOINT WARNING * * *
You feel power welling in your lungs.
You completely miss the yak.
Your tail-slap misses the yak.
The yak is severely wounded.
The yak closely misses you.
Unknown command.
You hit the yak.
The yak is severely wounded.
The yak barely misses you.
Unknown command.
You hit the yak.
The yak is almost dead.
The yak gores you!!
You die...
Ru respects your ultimate sacrifice.

..# #.........####...## .P.#
#....##......###..# ....
#....##......#P##.###
....#.#...##............P###
...#####.#########.#...##P##
....#P.#.### ####......#
..).....##.# #......#
...P.......# ###♣♣ ###....♣
...........####@Y.♣♣♣ ♣♣♣♣♣♣
..##...#......#†.♣).♣ .
#..........P.#♣.......♣
##...........#♣..♣♣....
#####.......♣♣.y. ♣..
#.#..>...♣♣♣.. ♣ ######...♣
... ##..♣ §§♣§ P.(♣ §♣♣§.


You could see a yak (strong).

Vanquished Creatures
  Harold (Lair:1)
  3 two-headed ogres
  A catoblepas (Lair:1)
  A boulder beetle (D:11)
  2 spriggan druids (Lair:2)
  Maurice (D:11)
  A cyclops (D:11)
  6 elephants (Lair:2)
  5 cane toads
  Jeremiah (D:7)
  2 rime drakes (Lair:1)
  2 kobold demonologists (D:10)
  A komodo dragon (Lair:2)
  Psyche (D:10)
  2 trolls (D:11)
  Grinder (D:5)
  13 blink frogs
  A hornet (Lair:2)
  A polar bear (Lair:1)
  A shadow (D:10)
  A wraith (D:11)
  2 wyverns (Lair:1)
  3 basilisks (Lair:1)
  2 steam dragons
  41 yaks
  3 redbacks (Lair:2)
  Duvessa (D:5)
  A water moccasin (Lair:2)
  4 orc warriors
  2 sky beasts (D:7)
  A black bear (D:7)
  10 wolves
  A phantom (D:7)
  A centaur (D:7)
  A kobold brigand (D:9)
  Blork the orc (D:6)
  5 bullfrogs
  2 wyvern zombies (D:8)
  3 scorpions
  10 wights
  Dowan (D:5)
  19 killer bees
  3 electric eels
  5 howler monkeys
  A crimson imp (D:5)
  A bombardier beetle (D:4)
  A centaur zombie (D:8)
  2 hounds
  3 jellies
  9 orc priests
  A gnoll bouda (D:6)
  Crazy Yiuf (D:2)
  3 iguanas
  8 orc wizards
  6 hell rats (Lair:1)
  A killer bee zombie (D:8)
  3 howler monkey zombies (D:8)
  Robin (D:2)
  11 gnolls
  6 adders
  2 shadow imps (D:7)
  A white imp (D:5)
  2 ufetubi (D:7)
  A dart slug (D:5)
  38 orcs
  9 ball pythons
  3 endoplasms
  2 giant cockroaches
  16 goblins
  14 hobgoblins
  11 jackals
  4 quokkas
  10 bats
  2 frilled lizards
  14 kobolds
  5 rats
362 creatures vanquished.

Vanquished Creatures (others)
  A hornet (Lair:1)
1 creature vanquished.

Grand Total: 363 creatures vanquished

Notes
Turn   | Place    | Note
-------+----------+-------------------------------------------
     0 | D:1      | SowerOfTemptation the Draconian Shapeshifter began the
                  | quest for the Orb.
     0 | D:1      | Reached XP level 1. HP: 16/16 MP: 1/1
   145 | D:1      | Reached XP level 2. HP: 21/23 MP: 2/2
   674 | D:1      | Reached XP level 3. HP: 27/28 MP: 3/3
   818 | D:2      | Identified the +0 helmet of Mumblety Peg {SInv}
   818 | D:2      | Noticed Robin
  1128 | D:2      | Found a runed translucent door.
  1129 | D:2      | Noticed Crazy Yiuf
  1174 | D:2      | Reached XP level 4. HP: 30/35 MP: 4/4
  1310 | D:2      | Killed Robin
  1952 | D:3      | Reached XP level 5. HP: 32/40 MP: 5/5
  2546 | D:4      | Reached skill level 5 in Shapeshifting
  2746 | D:4      | Reached XP level 6. HP: 35/47 MP: 6/6
  2827 | D:4      | Reached skill level 5 in Unarmed Combat
  3234 | D:5      | Entered Level 5 of the Dungeon
  3271 | D:5      | Noticed Grinder
  3272 | D:5      | Paralysed by Grinder for 4 turns
  3278 | D:5      | Noticed Edmund
  3399 | D:5      | Found Uthrunuitz's Assorted Antiques.
  3463 | D:5      | Found Laff's Distillery.
  3560 | D:2      | Killed Crazy Yiuf
  3833 | D:5      | Bought a clear potion for 21 gold pieces
  3833 | D:5      | Bought a murky coppery potion for 21 gold pieces
  3833 | D:5      | Bought a bubbling sapphire potion for 21 gold pieces
  3833 | D:5      | Bought a scroll labelled BONEUCUSKY for 24 gold pieces
  3833 | D:5      | Bought a scroll of fear for 96 gold pieces
  3861 | D:5      | Bought a potion of curing for 42 gold pieces
  3863 | D:5      | Found a broken altar of Ashenzari.
  3974 | D:5      | Your scales start taking on a fiery red colour.
  3974 | D:5      | Reached XP level 7. HP: 34/52 MP: 7/7
  3974 | D:5      | Gained mutation: Your flesh is heat resistant. (rF+) [Red
                  | Draconian growth]
  4059 | D:5      | Noticed Dowan
  4062 | D:5      | Noticed Duvessa
  4073 | D:5      | Paralysed by Grinder for 4 turns
  4316 | D:5      | Found a stormy altar of Qazlal.
  4355 | D:5      | Killed Grinder
  4381 | D:5      | Killed Duvessa
  4406 | D:5      | Killed Dowan
  4613 | D:5      | Found a shimmering blue altar of Sif Muna.
  5135 | D:6      | Reached XP level 8. HP: 39/59 MP: 8/8
  5364 | D:6      | Found a sacrificial altar of Ru.
  5367 | D:6      | Found an ornate altar of the Wu Jian Council.
  5740 | D:6      | Noticed Blork the orc
  5862 | D:6      | Became a worshipper of Ru the Awakened
  5997 | D:6      | Killed Blork the orc
  7058 | D:7      | Reached skill level 10 in Shapeshifting
  7117 | D:7      | Found a staircase to the Ecumenical Temple.
  7126 | Temple   | Entered the Ecumenical Temple
  7199 | D:7      | Noticed Jeremiah
  7310 | D:7      | Killed Jeremiah
  7311 | D:7      | Reached XP level 9. HP: 34/69 MP: 9/9
  7413 | D:7      | Found a transporter.
  7413 | D:7      | Found a transporter.
  7413 | D:7      | Noticed Croata's ghost (novice FoFi)
  7432 | D:7      | Found Eduxkok's Overcharged Wands.
  7589 | D:7      | Gained mutation: You cannot be stealthy. [Ru sacrifice]
  7723 | D:8      | Found a hide-covered altar of Uskayaw.
  7731 | D:8      | Reached skill level 5 in Dodging
  7799 | D:8      | Found an ancient bone altar of Kikubaaqudgha.
  7951 | D:8      | Reached XP level 10. HP: 28/77 MP: 10/10
  8328 | D:8      | Found Ryucliq's General Store.
  8342 | D:8      | Bought a scroll of identify for 22 gold pieces
  8342 | D:8      | Bought a potion of curing for 33 gold pieces
  8937 | D:9      | Noticed a two-headed ogre
  8951 | D:9      | Killed a two-headed ogre
  8952 | D:9      | Reached skill level 5 in Fighting
  9027 | D:9      | Noticed a two-headed ogre
  9042 | D:9      | Killed a two-headed ogre
  9557 | D:9      | Identified the amulet of Usofit {Acrobat ^Fragile Will++}
  9607 | D:10     | Entered Level 10 of the Dungeon
  9657 | D:10     | Gained mutation: You cannot study or use magical devices.
                  | [Ru sacrifice]
  9657 | D:10     | Reached * piety under Ru
  9657 | D:10     | Reached ** piety under Ru
  9657 | D:10     | Reached *** piety under Ru
  9727 | D:10     | Found a hazy altar of Hepliaklqana.
  9754 | D:10     | Noticed a two-headed ogre
  9763 | D:10     | Killed a two-headed ogre
  9764 | D:10     | Reached XP level 11. HP: 49/91 MP: 11/11
  9981 | D:10     | Noticed Psyche
  9986 | D:10     | Killed Psyche
 10172 | D:10     | You fall into a shaft and drop 1 floor!
 10220 | D:11     | Found Soewaxti's Book Shoppe.
 10255 | D:11     | Noticed Maurice
 10315 | D:10     | Found a blossoming altar of Fedhas.
 10326 | D:10     | Noticed an oklob plant
 10613 | D:10     | Reached skill level 10 in Dodging
 10749 | D:10     | Found a staircase to the Lair.
 10936 | D:11     | Killed Maurice
 10952 | D:11     | Noticed a boulder beetle
 10969 | D:11     | Killed a boulder beetle
 11188 | D:11     | Found a hide-covered altar of Uskayaw.
 11196 | D:11     | Identified the +10 dagger "Zucomor" {freeze, Will+ Str+4}
 11308 | D:11     | Found a staircase to the Orcish Mines.
 11813 | Lair:1   | Entered Level 1 of the Lair of Beasts
 11978 | Lair:1   | Gained mutation: You occasionally shout uncontrollably at
                  | your foes. [Ru sacrifice]
 12045 | Lair:1   | HP: 3/93 [hell rat (7)]
 12143 | Lair:1   | Noticed a catoblepas
 12159 | Lair:1   | Killed a catoblepas
 12160 | Lair:1   | Reached skill level 10 in Fighting
 12160 | Lair:1   | Reached skill level 10 in Unarmed Combat
 12160 | Lair:1   | Reached XP level 12. HP: 102/106 MP: 12/12
 12184 | Lair:1   | Paralysed by a hornet for 2 turns
 12614 | Lair:1   | Noticed Harold
 12622 | Lair:1   | Killed Harold
 13280 | Lair:2   | Found a hole to the Spider Nest.
 13439 | Lair:2   | Identified the +1 robe "Zigg" {Dex+3}
 13719 | Lair:2   | Reached XP level 13. HP: 39/116 MP: 13/13
 13726 | Lair:2   | Slain by a yak

Illustrated notes

Levels and vault maps discovered:
D:1:      amcnicky_arrival_choice, layout_loops_ring, grunt_decor_fettered
D:2:      layout_basic, uniq_crazy_yiuf_cottage, uniq_robin
D:3:      layout_rooms, nicolae_figureground_pulse
D:4:      layout_cave_pods
D:5:      layout_cave_pools, evilmike_ruin_ashenzari,
          nicolae_overflow_crystal_walls, nicolae_overflow_hidden_temple,
          serial_shops, shop, nicolae_shop_overgrown_old_shop,
          corexii_checkpoint, minmay_fire_ice_demons, uniq_duvessa, uniq_edmund,
          uniq_grinder
D:6:      layout_basic, nicolae_overflow_squiral, uniq_blork_the_orc
D:7:      layout_gridville, minmay_temple_entry_poolview, gammafunk_ghost_arena,
          enter_bailey_4, nicolae_shop_overcharged_wands, uniq_jeremiah
D:8:      layout_loops_ring, lemuel_round_altar, kennysheep_little_box,
          serial_undead, serial_undead_b, serial_undead_a, serial_undead_a,
          serial_undead_c, serial_shops, shop, nicolae_straight_to_the_point
D:9:      layout_roguey, onia_ninara_dug_in_and_dangerous
D:10:     layout_stronghold, tgw_fedhas, mainiacjoe_overflow_surrounded_room,
          lair_entry_dummy, uniq_psyche
D:11:     layout_cave_pods, orc_0_dummy, gauntlet_entry_generic, serial_shops,
          nicolae_shop_back_alley_shop,
          nicolae_uskayaw_murder_on_the_dancefloor, uniq_maurice
Temple:   dshaligram_water_room_temple
Lair:1:   layout_loops_ring, serial_bayou_pond_d, serial_bayou_shore_a,
          serial_bayou_shore_b, serial_bayou_shore_b, grunt_megastairs_4,
          uniq_harold
Lair:2:   layout_misc_corridors, mainiacjoe_swamp_entry_angry_trees,
          spider_nest_entry_a

Skill      XL: |  1  2  3  4  5  6  7  8  9 10 11 12 |
---------------+-------------------------------------+-----
Shapeshifting  | 4 5 6 8 10 11 | 11.1
Unarmed Combat | 4 5 7 10 11 | 11.3
Fighting       | 3 6 10 11 | 11.5
Dodging        | 3 8 9 10 11 | 11.1

Action                     |  1- 3 |  4- 6 |  7- 9 | 10-12 | 13-15 || total
---------------------------+-------+-------+-------+-------+-------++-------
  Melee: Unarmed           |   102 |   202 |   272 |   550 |     8 ||  1134
         Tailslap          |    14 |    24 |    46 |    97 |     1 ||   182
         Punch             |       |     4 |     6 |    26 |       ||    36
 Invoke: Sacrifice Stealth |       |       |     1 |       |       ||     1
         Sacrifice Artific |       |       |       |     1 |       ||     1
         Draw Out Power    |       |       |       |     1 |       ||     1
         Sacrifice Purity  |       |       |       |     1 |       ||     1
Ability: Combustion Breath |       |       |     2 |     7 |       ||     9
  Evoke: Wand              |       |       |       |     9 |       ||     9
    Use: Potion            |     1 |       |     1 |     3 |       ||     5
         Scroll            |       |     5 |     7 |    10 |       ||    22
   Stab: Distracted        |       |       |       |     2 |       ||     2
 Armour: Skin              |    95 |   135 |   157 |   308 |     4 ||   699
  Dodge: Dodged            |    40 |   122 |   163 |   347 |     4 ||   676
   Form: Flux              |       |       |     1 |       |       ||     1
         Blade             |       |       |     1 |       |       ||     1

Table legend: (Time is in decaauts)
 A = Elapsed time spent in this place.
 B = Non-inter-level travel time spent in this place.
 C = Inter-level travel time spent in this place.
 D = Time resting spent in this place.
 E = Time spent auto-exploring this place.
 F = Levels seen in this place.
 G = Mean time per level.
                   A        B        C        D        E       F      G
               +--------+--------+--------+--------+--------+-----+--------+
         Total |  13659 |  12735 |    924 |   2166 |   8350 |  14 |  975.6 |
       Dungeon |  11745 |  10908 |    837 |   1774 |   7321 |  11 | 1067.7 |
        Temple |     11 |     11 |      0 |      0 |      0 |   1 |   11.0 |
          Lair |   1902 |   1816 |     86 |    391 |   1029 |   2 |  951.0 |
               +--------+--------+--------+--------+--------+-----+--------+

Top non-repeatable levels by time:
     D:6: 1764 daAuts
  Lair:1: 1376 daAuts
    D:10: 1267 daAuts
     D:5: 1255 daAuts
     D:4: 1191 daAuts
     D:2: 1070 daAuts
     D:8: 1053 daAuts
     D:9: 896 daAuts
    D:11: 874 daAuts
     D:1: 809 daAuts
     D:7: 802 daAuts
     D:3: 759 daAuts
  Lair:2: 526 daAuts
  Temple: 11 daAuts
